AoeStats
← ccereal

Arabia

509392431Analyzed
4v4 RM · 6d ago on Sep 26, 2026· 43m 1s· 8 players
Game mode
Random Map
Map size
Large (8 player)
Population
200
Speed
Normal
Resources
Standard
Victory
Conquest
Starting age
Dark Age
Ending age
Imperial Age
RankedLock teamsTeams togetherTeam positionsShared explorationLock speedFull tech treeHidden civsTurbo modeCheats
Victory
Defeat
🇫🇷 Vikings · France
1636
+11
🇫🇷 Shu · France
1590
+13
🇩🇪 Franks · Germany
1561
+14
🇫🇷 Magyars · France
1499
+18
🇹🇼 Persians · Taiwan
1653
-18
🇹🇼 Maya · Taiwan
1616
-17
🇹🇼 Varangians · Taiwan
1497
-13
🇹🇼 Ethiopians · Taiwan
1350
-8
greatsurferTW
0:26 Loom
9:11 Feudal Age
12:32 Fletching
14:30 Padded Archer Armor
23:41 Castle Age
22:09 Gold Mining
22:35 Double-Bit Axe
22:52 Horse Collar
24:21 Bodkin Arrow
23:57 Crossbowman
27:30 Ballistics
37:18 Thumb Ring
HeyByeQ
5:12 Loom
10:40 Feudal Age
11:50 Double-Bit Axe
12:52 Fletching
24:41 Castle Age
24:06 Horse Collar
24:38 Padded Archer Armor
24:42 Crossbowman
25:19 Bodkin Arrow
26:57 Ballistics
31:57 Leather Archer Armor
41:04 Wheelbarrow
Xiang914
9:07 Feudal Age
13:03 Loom
15:36 Bloodlines
18:03 Double-Bit Axe
21:50 Scale Barding Armor
22:54 Forging
25:01 Wheelbarrow
25:31 Horse Collar
28:59 Castle Age
27:06 Gold Mining
28:02 Stone Mining
30:05 Chain Barding Armor
29:48 Husbandry
31:43 Light Cavalry
35:09 Bow Saw
36:46 Vendel Legacy
41:36 Iron Casting
41:22 Hand Cart
42:11 Heavy Plow
波斯小象
7:13 Loom
9:32 Feudal Age
10:25 Double-Bit Axe
10:21 Horse Collar
15:06 Scale Barding Armor
16:30 Bloodlines
25:04 Castle Age
23:24 Forging
24:19 Gold Mining
25:53 Chain Barding Armor
27:34 Husbandry
34:42 Bow Saw
36:26 Wheelbarrow
Tonymontana
6:03 Loom
9:05 Feudal Age
9:51 Double-Bit Axe
13:36 Horse Collar
21:00 Bloodlines
25:47 Castle Age
25:02 Scale Barding Armor
24:50 Gold Mining
26:00 Light Cavalry
26:47 Husbandry
27:50 Wheelbarrow
28:57 Chain Barding Armor
29:46 Bow Saw
31:26 Hand Cart
38:12 Heavy Plow
39:25 Town Watch
40:28 Stone Mining
41:13 Gold Shaft Mining
ccereal
6:29 Loom
9:14 Feudal Age
9:52 Double-Bit Axe
22:30 Castle Age
21:45 Horse Collar
22:23 Gold Mining
22:35 Crossbowman
23:05 Fletching
23:46 Bodkin Arrow
24:24 Heavy Plow
24:41 Padded Archer Armor
25:05 Ballistics
30:26 Leather Archer Armor
30:47 Bow Saw
41:41 Imperial Age
42:28 Bracer
Frorok
6:44 Loom
9:25 Feudal Age
10:06 Double-Bit Axe
14:24 Fletching
15:21 Town Watch
21:09 Gold Mining
21:01 Horse Collar
23:27 Castle Age
23:18 Padded Archer Armor
24:08 Bodkin Arrow
23:34 Crossbowman
24:32 Thumb Ring
25:08 Bow Saw
27:57 Wheelbarrow
27:39 Leather Archer Armor
28:59 Ballistics
32:48 Heavy Plow
33:43 Hand Cart
40:26 Imperial Age
40:00 Gold Shaft Mining
41:15 Bracer
40:36 Arbalester
42:23 Chemistry
41:48 Bolt Magazine
43:13 Two-Man Saw
p0n0n0
6:22 Loom
8:55 Feudal Age
9:34 Double-Bit Axe
17:39 Wheelbarrow
18:31 Scale Barding Armor
22:58 Castle Age
24:42 Bow Saw
25:00 Forging
26:33 Husbandry
33:38 Light Cavalry
34:44 Chain Barding Armor
34:21 Light Cavalry
36:40 Hand Cart
36:10 Town Watch
36:40 Hand Cart
36:10 Town Watch
40:43 Iron Casting
42:52 Town Watch
Connection lost

Rejoining the realm…

Still unreachable

The connection could not be restored.

Session expired

The server has moved on; the page needs a fresh start.